 Dungeon Crawl Stone Soup version 0.21.1-1-g345015f (webtiles) character file.

88 inc the Skirmisher (level 4, 0/33 HPs)
             Began as an Octopode Ice Elementalist on June 16, 2018.
             Slain by a gnoll
             ... wielding a +0 halberd
              (6 damage)
             ... on level 2 of the Dungeon.
             The game lasted 00:01:50 (2008 turns).

inc the Skirmisher (Octopode Ice Elementalist)      Turns: 2008, Time: 00:01:50

Health: 0/33       AC:  1    Str:  7    XL:     4   Next: 54%
Magic:  7/7        EV: 13    Int: 17    God:
Gold:   110        SH:  0    Dex: 13    Spells: 6/7 levels left

rFire    . . .     SeeInvis .   (no weapon)
rCold    . . .     Gourm    .   (no shield)
rNeg     . . .     Faith    .   (helmet restricted)
rPois    .         Spirit   .   (no amulet)
rElec    .         Reflect  .   (no ring)
rCorr    .         Harm     .   (no ring)
MR       .....                  (no ring)
Stlth    +++.......             (no ring)
HPRegen  0.11/turn              (no ring)
MPRegen  0.10/turn              (no ring)
                                (no ring)
                                (no ring)

@: no status effects
A: almost no armour, stealthy swim, amphibious, 8 rings, constrict 8, camouflage
1, gelatinous body 1
a: no special abilities


You were on level 2 of the Dungeon.
You were hungry.

You visited 1 branch of the dungeon, and saw 2 of its levels.

You collected 110 gold pieces.

Inventory:

Jewellery
 l - a +2 ring of protection {unknown}
Scrolls
 d - 2 scrolls of remove curse {unknown}
 e - 2 scrolls of identify {unknown}
 i - a scroll of amnesia {unknown}
 j - 2 scrolls of random uselessness {unknown}
Potions
 c - a potion of heal wounds
 f - a potion of invisibility {unknown}
 g - 3 potions of haste {unknown}
 h - 2 potions of curing {unknown}
 k - a potion of cancellation {unknown}
Books
 a - a book of Frost

   Spells                             Type                      Level
   a - Freeze                         Ice                          1
   b - Throw Frost                    Conjuration/Ice              2
   c - Ozocubu's Armour               Charms/Ice                   3
   d - Throw Icicle                   Conjuration/Ice              4
   e - Summon Ice Beast               Ice/Summoning                4
Comestibles
 b - 5 rations
 m - a chunk of flesh


   Skills:
 + Level 4.0 Fighting
 - Level 2.0 Dodging
 - Level 2.6 Stealth
 - Level 2.0 Spellcasting
   Level 1.0 Conjurations
 - Level 3.0 Ice Magic


You had 6 spell levels left.
You knew the following spells:

 Your Spells              Type           Power        Failure   Level  Hunger
a - Freeze                Ice            ##..         5%          1    #......


Dungeon Overview and Level Annotations

Branches:
Dungeon (2/15)

Altars:
Dithmenos


Innate Abilities, Weirdness & Mutations

You cannot wear most types of armour.
You are very stealthy in the water. (Stealth+)
You are amphibious.
You can wear up to eight rings at the same time.
You can use your tentacles to constrict eight enemies at once.
Your skin changes colour to match your surroundings (Stealth+).
Your rubbery body absorbs attacks. (AC +1, EV +1)


Message History

You tentacle-slap the gnoll.
You kill the gnoll!
Your Fighting skill increases to level 4!
You tentacle-slap the gnoll but do no damage.
You grab the gnoll. You constrict the gnoll. The gnoll closely misses you.
You tentacle-slap the gnoll but do no damage.
The gnoll is lightly wounded.
You constrict the gnoll. The gnoll closely misses you. The gnoll hits you.
You tentacle-slap the gnoll.
The gnoll is moderately wounded.
You constrict the gnoll. The gnoll barely misses you. The gnoll hits you.
You tentacle-slap the gnoll.
The gnoll is heavily wounded.
You constrict the gnoll. The gnoll barely misses you. The gnoll hits you.
* * * LOW HITPOINT WARNING * * *
You barely miss the gnoll.
The gnoll is severely wounded.
You constrict the gnoll. The gnoll barely misses you.
The gnoll hits you from afar with a halberd.
You die...

....######.......# #....
.........#.......# #....
...g..K.#.......# #....
#......#.......#######....
#....>.+.......'.....'....
#..g..%#.......###..##....
#......########.....###.##
#(#########.##..###)##
#.Kgg@................
###########'##.#.##.##
......#.##.# #......#.##.#
########......#..#.##
#.....# ...........##
#.###.####+#####..### #.#
#.# #.# ##.### #.#
#.####.# #..##


You could see 2 gnolls and a kobold.

Vanquished Creatures
  3 adders (D:2)
  3 gnolls (D:2)
  3 bats
  2 giant cockroaches
  5 goblins
  5 hobgoblins
  2 jackals (D:2)
  A quokka (D:2)
  A frilled lizard (D:2)
  A kobold (D:1)
  6 rats
32 creatures vanquished.

Notes
Turn   | Place    | Note
-------+----------+-------------------------------------------
     0 | D:1      | inc the Octopode Ice Elementalist began the quest for the Orb.
     0 | D:1      | Reached XP level 1. HP: 11/11 MP: 3/3
   154 | D:1      | Reached skill level 1 in Fighting
   188 | D:1      | Reached XP level 2. HP: 2/18 MP: 5/5
   793 | D:1      | Reached skill level 2 in Fighting
  1040 | D:2      | Reached XP level 3. HP: 14/25 MP: 6/6
  1436 | D:2      | Reached skill level 3 in Fighting
  1678 | D:2      | Reached XP level 4. HP: 17/32 MP: 3/7
  1852 | D:2      | Found a shadowy altar of Dithmenos.
  2003 | D:2      | Reached skill level 4 in Fighting
  2008 | D:2      | Slain by a gnoll

Skill      XL: |  1  2  3  4 |
---------------+-------------+-----
Fighting       | 1 2 3 4 |  4.0
Dodging        | |  2.0
Stealth        | |  2.6
Spellcasting   | |  2.0
Conjurations   | |  1.0
Ice Magic      | |  3.0

Action                   |  1- 3 |  4- 6 || total
-------------------------+-------+-------++-------
Melee: Unarmed           |    93 |    32 ||   125
       Constrict         |    24 |     5 ||    29
       Tentacles         |    16 |     3 ||    19
 Cast: Freeze            |     2 |     1 ||     3
  Use: Potion            |       |     1 ||     1
 Stab: Sleeping          |     8 |     1 ||     9
       Distracted        |     1 |       ||     1
  Eat: Chunk             |     2 |     1 ||     3
Armor: Skin              |     6 |     1 ||     7
Dodge: Dodged            |    65 |    18 ||    83
